Seattle Thunderbirds vs Chicago Wolves

Created - 29 janvier 2020 at 17:52

Goals
1 2 3 T
Seattle Thunderbirds 3 5 0 8
Chicago Wolves 0 1 1 2
Shots
1 2 3 T
Seattle Thunderbirds 16 12 0 28
Chicago Wolves 7 8 13 28

1st period

1. Seattle Thunderbirds , Emil Pettersson 9 (Yannick Weber 8) at 8:59
2. Seattle Thunderbirds , Steve Bernier 16 (Matt Read 15, Logan Brown 19) at 15:02
3. Seattle Thunderbirds , Josh Leivo 25 (Jacob MacDonald 21, Sam Carrick 42) at 18:36 (PP)

Penalties :
Adam Johnson (WOL) for Slashing (Minor) at 18:21

2nd period

4. Seattle Thunderbirds , Brooks Macek 17 (T.J. Tynan 50, Stefan Noesen 31) at 1:33
5. Chicago Wolves , Adam Helewka 45 (Mikhail Vorobyev 6) at 9:35 (PP)
6. Seattle Thunderbirds , Logan Brown 9 (Steve Bernier 38, Joey LaLeggia 8) at 13:24
7. Seattle Thunderbirds , Matt Irwin 1 (Josh Leivo 40, Emil Pettersson 15) at 14:36
8. Seattle Thunderbirds , Steve Bernier 17 (Sam Carrick 43, Josh Leivo 41) at 15:34
9. Seattle Thunderbirds , Josh Leivo 26 (Jacob MacDonald 22) at 16:24

Penalties :
Mitchell Stephens (WOL) for Fighting (Major) at 1:34, Matt Irwin (THU) for Fighting (Major) at 1:34, Mitchell Stephens (WOL) for instigated a fight (Minor) at 1:34, Mitchell Stephens (WOL) for instigated a fight (10 Minutes Misconduct) at 1:34, Jacob Larsson (THU) for Roughing (Minor) at 9:18, Doyle Somerby (WOL) for Tripping (Minor) at 19:07

3rd period

10. Chicago Wolves , Adam Helewka 46 (Mitchell Stephens 42, Lawrence Pilut 17) at 3:59 (PP)

Penalties :
Jacob Larsson (THU) for Tripping (Minor) at 3:15, Calle Rosen (WOL) for Fighting (Major) at 14:37, Matt Irwin (THU) for Fighting (Major) at 14:37, Matt Irwin (THU) for instigated a fight (Minor) at 14:37, Matt Irwin (THU) for instigated a fight (10 Minutes Misconduct) at 14:37

Goalie Stats

John Muse (THU), 26 saves from 28 shots - (0,929), W, 7-2-1, 60:00 minutes
Dan Vladar (WOL), 14 saves from 18 shots - (0,778), L, 9-11-0, 45:09 minutes
Unknown Goalie (WOL), 6 saves from 10 shots - (0,600), 14:51 minutes

Players Stats for Seattle Thunderbirds

Player Name              G  A  P  +/- PIM S  H  SB GA TA FO     MP     PP MP  PK MP  
------------------------------------------------------------------------------------
Andrew Campbell          0  0  0   0  0   0  0  0  0  0  0/0     6:46   0:00   0:00 
Brooks Macek             1  0  1   1  0   2  1  0  0  0  0/0    17:51   1:33   0:00 
Emil Pettersson          1  1  2   3  0   1  0  0  0  0  3/5    13:54   0:00   0:00 
Jacob Larsson            0  0  0   3  4   2  1  1  0  2  0/0    22:40   2:38   1:20 
Jacob MacDonald          0  2  2   3  0   1  2  4  0  0  0/0    23:43   2:38   2:21 
Joey LaLeggia            0  1  1   1  0   1  0  1  0  1  0/0    18:16   1:35   0:39 
Josh Leivo               2  2  4   3  0   7  2  0  1  0  0/0    24:22   2:40   1:57 
Logan Brown              1  1  2   2  0   3  1  0  0  0  3/6    14:46   0:00   0:00 
Logan Stanley            0  0  0   0  0   0  0  0  0  0  0/0     6:46   0:00   0:00 
Matt Irwin               1  0  1   3  22  1  0  0  0  0  0/0     9:32   0:00   0:33 
Matt Read                0  1  1   3  0   0  0  0  0  1  0/0    15:05   0:00   0:33 
Matt Tennyson            0  0  0   3  0   2  0  0  0  0  0/0    11:15   0:00   0:00 
Peter Cehlarik           0  0  0   3  0   1  2  0  0  0  0/0    13:14   0:00   0:00 
Rob O'Gara               0  0  0   0  0   0  0  0  0  0  0/0     2:42   0:00   0:28 
Sam Carrick              0  2  2   1  0   1  3  0  0  0  16/22  13:39   2:40   0:23 
Stefan Noesen            0  1  1   1  0   2  2  0  1  0  0/0    19:17   1:33   0:51 
Steve Bernier            2  1  3   3  0   3  1  0  0  0  3/5    25:25   2:40   1:58 
T.J. Tynan               0  1  1   1  0   1  0  0  0  0  6/9    19:09   1:33   0:18 
Yannick Weber            0  1  1   1  0   0  0  3  1  0  0/0    18:34   1:35   0:39 

Players Stats for Chicago Wolves

Player Name              G  A  P  +/- PIM S  H  SB GA TA FO     MP     PP MP  PK MP  
------------------------------------------------------------------------------------
Aaron Ness               0  0  0  -3  0   1  1  0  0  0  0/0    12:08   1:00   0:00 
Adam Helewka             2  0  2  -2  0   6  2  2  0  1  0/2    24:12   1:42   2:47 
Adam Johnson             0  0  0  -4  2   7  1  2  1  1  1/1    19:02   1:18   0:12 
C.J. Smith               0  0  0  -4  0   2  2  0  1  0  0/4    20:06   1:18   1:14 
Calle Rosen              0  0  0  -1  5   0  0  0  0  0  0/0    16:22   0:44   1:37 
Cavan Fitzgerald         0  0  0   0  0   0  0  0  0  0  0/0     6:45   0:00   0:00 
Doyle Somerby            0  0  0  -3  2   0  1  0  0  0  0/0    12:03   0:00   0:00 
Hudson Fasching          0  0  0  -2  0   3  2  0  0  0  3/9    25:44   1:42   2:47 
Ian McCoshen             0  0  0  -3  0   2  2  1  0  1  0/0    24:09   1:16   2:36 
Joel L'Esperance         0  0  0  -1  0   1  2  0  1  0  2/4    13:09   0:00   0:00 
Kevin Czuczman           0  0  0   0  0   0  0  0  0  0  0/0     6:45   0:00   0:00 
Lawrence Pilut           0  1  1  -1  0   0  1  0  0  0  0/0    17:58   1:44   1:37 
Mikhail Vorobyev         0  1  1   0  0   1  0  0  0  0  1/6     6:50   0:17   0:12 
Mitchell Stephens        0  1  1  -1  17  1  4  3  1  0  6/11   10:10   1:25   0:26 
Morgan Klimchuk          0  0  0  -1  0   1  2  0  0  0  0/0    11:43   0:00   0:00 
Philippe Myers           0  0  0  -3  0   1  2  0  0  0  0/0    24:09   1:16   2:36 
Saku Maenalanen          0  0  0  -1  0   1  2  0  0  0  0/0    13:40   0:00   0:48 
Travis Morin             0  0  0  -1  0   0  4  2  0  0  3/8    11:43   0:00   0:00 
Wayne Simpson            0  0  0  -4  0   1  3  0  0  0  0/2    19:05   1:18   0:00 

3 Stars

1 - Josh Leivo (THU)
2 - Steve Bernier (THU)
3 - Emil Pettersson (THU)

Power Play

Seattle Thunderbirds - 1 on 3 Attempt(s) - 33,33%
Chicago Wolves - 2 on 3 Attempt(s) - 66,67%

Penalty Kill

Seattle Thunderbirds - 1 on 3 Attempt(s) - 33,33% - Score 0 goal in Penalty Kill
Chicago Wolves - 2 on 3 Attempt(s) - 66,67% - Score 0 goal in Penalty Kill

Team Stat

Seattle Thunderbirds - Hits : 15 - Faceoff Wins : 31 - Blocked Shots : 9 - Penalty Minutes : 26
Chicago Wolves - Hits : 31 - Faceoff Wins : 16 - Blocked Shots : 10 - Penalty Minutes : 26

Official

Referees : Tom Kowal and TJ Luxmore
Linesman : Lonnie Cameron and Scott Driscoll

Game Notes

Unknown Goalie enters game at 1:33 of 2nd period
Mitchell Stephens beats up Matt Irwin at 1:34 of 2nd period
Dan Vladar enters game at 16:24 of 2nd period
Calle Rosen and Matt Irwin fight to a draw at 14:37 of 3rd period

Finance

Level 1 -- Attendance: 2000 (100,00%) -- Ticket Income 50 000 $
Level 2 -- Attendance: 960 (96,00%) -- Ticket Income 9 600 $
Total Attendance: 2960 (98,67%)
Total Ticket Income: 59 600 $
Other Income: 29 204 $
Total Income: 88 804 $

Seattle Thunderbirds

5 vs 5 Forward 
   Center                   Left Wing                Right Wing               Time % Phy DF OF 
 1 Sam Carrick              Josh Leivo               Steve Bernier            31     1   2  2  
 2 T.J. Tynan               Stefan Noesen            Brooks Macek             30     1   2  2  
 3 Logan Brown              Matt Read                Steve Bernier            29     1   2  2  
 4 Emil Pettersson          Peter Cehlarik           Josh Leivo               10     1   2  2  

5 vs 5 Defense 
   Defense                  Defense                                           Time % Phy DF OF 
 1 Jacob Larsson            Jacob MacDonald                                   40     1   2  2  
 2 Yannick Weber            Joey LaLeggia                                     30     1   2  2  
 3 Matt Irwin               Matt Tennyson                                     20     1   2  2  
 4 Andrew Campbell          Logan Stanley                                     10     1   2  2  

PowerPlay Forward 
   Center                   Left Wing                Right Wing               Time % Phy DF OF 
 1 Sam Carrick              Josh Leivo               Steve Bernier            60     1   2  2  
 2 T.J. Tynan               Stefan Noesen            Brooks Macek             40     1   2  2  

PowerPlay Defense
   Defense                  Defense                                           Time % Phy DF OF 
 1 Jacob Larsson            Jacob MacDonald                                   60     1   2  2  
 2 Yannick Weber            Joey LaLeggia                                     40     1   2  2  

Penalty Kill 4 Players Forward 
   Center                   Wing                     Time % Phy DF OF 
 1 Steve Bernier            Josh Leivo               60     1   2  2  
 2 Sam Carrick              Stefan Noesen            40     1   2  2  

Penalty Kill 4 Players Defense
   Defense                  Defense                  Time % Phy DF OF 
 1 Jacob Larsson            Jacob MacDonald          60     1   2  2  
 2 Yannick Weber            Joey LaLeggia            40     1   2  2  

Penalty Kill - 3 Players Forward 
   Forward                                           Time % Phy DF OF 
 1 Steve Bernier                                     60     1   2  2  
 2 Josh Leivo                                        40     1   2  2  

Penalty Kill - 3 Players Defense
   Defense                  Defense                  Time % Phy DF OF 
 1 Jacob Larsson            Jacob MacDonald          60     1   2  2  
 2 Yannick Weber            Joey LaLeggia            40     1   2  2  

4 vs 4 Forward 
   Center                   Wing                     Time % Phy DF OF 
 1 Steve Bernier            Josh Leivo               60     1   2  2  
 2 Sam Carrick              Stefan Noesen            40     1   2  2  

4 vs 4 Defense
   Defense                  Defense                  Time % Phy DF OF 
 1 Jacob Larsson            Jacob MacDonald          60     1   2  2  
 2 Yannick Weber            Joey LaLeggia            40     1   2  2  

Last Minutes Offensive
   Center                   Left Wing                Right Wing               Defense                  Defense                  
   Sam Carrick              Josh Leivo               Steve Bernier            Jacob Larsson            Jacob MacDonald          

Last Minutes Defensive
   Center                   Left Wing                Right Wing               Defense                  Defense                  
   Sam Carrick              Josh Leivo               Steve Bernier            Jacob Larsson            Jacob MacDonald          

Goaltenders
Starting : John Muse                
Backup : Mitch Gillam             

Extra Forwards
Normal : Logan Brown, Emil Pettersson, Matt Read - PP : Logan Brown, Emil Pettersson - PK : Matt Read
Extra Defensemen
Normal : Rob O'Gara, Matt Irwin, Matt Tennyson - PP : Rob O'Gara - PK : Matt Irwin, Matt Tennyson
Penalty Shots
Steve Bernier, Josh Leivo, Sam Carrick, Stefan Noesen, T.J. Tynan

Scratches
Brett Sutter (Healthy), Vincent LoVerde (Healthy), Rourke Chartier (Healthy), Landon Ferraro (Healthy), Hampus Gustafsson (Healthy)
Zane McIntyre (Healthy), Jake Paterson (Healthy)

Chicago Wolves

5 vs 5 Forward 
   Center                   Left Wing                Right Wing               Time % Phy DF OF 
 1 Mitchell Stephens        Adam Helewka             Hudson Fasching          40     1   2  2  
 2 C.J. Smith               Adam Johnson             Wayne Simpson            30     1   2  2  
 3 Joel L'Esperance         Saku Maenalanen          Hudson Fasching          20     1   2  2  
 4 Travis Morin             Morgan Klimchuk          Adam Helewka             10     1   2  2  

5 vs 5 Defense 
   Defense                  Defense                                           Time % Phy DF OF 
 1 Philippe Myers           Ian McCoshen                                      40     1   2  2  
 2 Lawrence Pilut           Calle Rosen                                       30     1   2  2  
 3 Aaron Ness               Doyle Somerby                                     20     1   2  2  
 4 Kevin Czuczman           Cavan Fitzgerald                                  10     1   2  2  

PowerPlay Forward 
   Center                   Left Wing                Right Wing               Time % Phy DF OF 
 1 Mitchell Stephens        Adam Helewka             Hudson Fasching          60     1   2  2  
 2 C.J. Smith               Adam Johnson             Wayne Simpson            40     1   2  2  

PowerPlay Defense
   Defense                  Defense                                           Time % Phy DF OF 
 1 Philippe Myers           Ian McCoshen                                      60     1   2  2  
 2 Lawrence Pilut           Calle Rosen                                       40     1   2  2  

Penalty Kill 4 Players Forward 
   Center                   Wing                     Time % Phy DF OF 
 1 Hudson Fasching          Adam Helewka             60     1   2  2  
 2 Mitchell Stephens        C.J. Smith               40     1   2  2  

Penalty Kill 4 Players Defense
   Defense                  Defense                  Time % Phy DF OF 
 1 Philippe Myers           Ian McCoshen             60     1   2  2  
 2 Lawrence Pilut           Calle Rosen              40     1   2  2  

Penalty Kill - 3 Players Forward 
   Forward                                           Time % Phy DF OF 
 1 Hudson Fasching                                   60     1   2  2  
 2 Adam Helewka                                      40     1   2  2  

Penalty Kill - 3 Players Defense
   Defense                  Defense                  Time % Phy DF OF 
 1 Philippe Myers           Ian McCoshen             60     1   2  2  
 2 Lawrence Pilut           Calle Rosen              40     1   2  2  

4 vs 4 Forward 
   Center                   Wing                     Time % Phy DF OF 
 1 Hudson Fasching          Adam Helewka             60     1   2  2  
 2 Mitchell Stephens        C.J. Smith               40     1   2  2  

4 vs 4 Defense
   Defense                  Defense                  Time % Phy DF OF 
 1 Philippe Myers           Ian McCoshen             60     1   2  2  
 2 Lawrence Pilut           Calle Rosen              40     1   2  2  

Last Minutes Offensive
   Center                   Left Wing                Right Wing               Defense                  Defense                  
   Mitchell Stephens        Adam Helewka             Hudson Fasching          Philippe Myers           Ian McCoshen             

Last Minutes Defensive
   Center                   Left Wing                Right Wing               Defense                  Defense                  
   Mitchell Stephens        Adam Helewka             Hudson Fasching          Philippe Myers           Ian McCoshen             

Goaltenders
Starting : Dan Vladar               
Backup : Unknown Goalie           

Extra Forwards
Normal : Mikhail Vorobyev, Joel L'Esperance, Saku Maenalanen - PP : Mikhail Vorobyev, Joel L'Esperance - PK : Saku Maenalanen
Extra Defensemen
Normal : Aaron Ness, Doyle Somerby, Kevin Czuczman - PP : Aaron Ness - PK : Doyle Somerby, Kevin Czuczman
Penalty Shots
Hudson Fasching, Adam Helewka, Mitchell Stephens, C.J. Smith, Wayne Simpson

Scratches
Ryan Lindgren (Healthy), Niklas Hansson (Healthy), Brent Pedersen (Healthy), Andrew Oglevie (Healthy), Matt Finn (Healthy)
Michael McNiven (Healthy)

% Time on Ice - Seattle Thunderbirds

Lines # - Real PCT - Wanted PCT - Time Play
Normal Forward
1 - 21% - 31% - 10:55
2 - 30% - 30% - 16:05
3 - 26% - 29% - 13:56
4 - 22% - 10% - 11:51
Normal Defense
1 - 35% - 40% - 18:44
2 - 30% - 30% - 16:02
3 - 21% - 20% - 11:15
4 - 13% - 10% - 6:46
PP Forward
1 - 63% - 60% - 2:40
2 - 37% - 40% - 1:33
PP Defense
1 - 62% - 60% - 2:38
2 - 38% - 40% - 1:35
PK Forward
1 - 87% - 60% - 2:37
2 - 13% - 40% - 0:23
PK Defense
1 - 78% - 60% - 2:21
2 - 22% - 40% - 0:39
PK3 Forward
1 - 0% - 60%
2 - 0% - 40%
PK3 Defense
1 - 0% - 60%
2 - 0% - 40%
44 Forward
1 - 0% - 60%
2 - 0% - 40%
44 Defense
1 - 0% - 60%
2 - 0% - 40%
Last Minute Offensive  - 0:00
Last Minute Defensive  - 0:00
Total
Forward - 60:00
Defense - 60:00

% Time on Ice - Chicago Wolves

Lines # - Real PCT - Wanted PCT - Time Play
Normal Forward
1 - 24% - 40% - 12:31
2 - 33% - 30% - 17:20
3 - 21% - 20% - 11:13
4 - 22% - 10% - 11:43
Normal Defense
1 - 38% - 40% - 20:17
2 - 28% - 30% - 14:37
3 - 21% - 20% - 11:08
4 - 13% - 10% - 6:45
PP Forward
1 - 57% - 60% - 1:42
2 - 43% - 40% - 1:18
PP Defense
1 - 42% - 60% - 1:16
2 - 58% - 40% - 1:44
PK Forward
1 - 80% - 60% - 3:22
2 - 20% - 40% - 0:51
PK Defense
1 - 62% - 60% - 2:36
2 - 38% - 40% - 1:37
PK3 Forward
1 - 0% - 60%
2 - 0% - 40%
PK3 Defense
1 - 0% - 60%
2 - 0% - 40%
44 Forward
1 - 0% - 60%
2 - 0% - 40%
44 Defense
1 - 0% - 60%
2 - 0% - 40%
Last Minute Offensive  - 0:00
Last Minute Defensive  - 0:00
Total
Forward - 60:00
Defense - 60:00

Play-by-Play

1st period


0:01 of 1st period - Sam Carrick wins face-off versus Mitchell Stephens in neutral zone.
1:03 of 1st period - Emil Pettersson is hit by Travis Morin and loses puck.
1:10 of 1st period - Snap shot by Adam Helewka.
1:10 of 1st period - Shot Misses the Net.
1:28 of 1st period - Emil Pettersson is hit by Doyle Somerby and loses puck.
1:47 of 1st period - Wrist shot by Peter Cehlarik.
1:47 of 1st period - Shot Misses the Net.
2:01 of 1st period - Backhand shot by Brooks Macek.
2:01 of 1st period - Stopped by Dan Vladar with a rebound.
2:03 of 1st period - Wrist shot by Stefan Noesen.
2:03 of 1st period - Stopped by Dan Vladar with a rebound.
2:05 of 1st period - Wrist shot by Matt Irwin.
2:05 of 1st period - Shot Misses the Net.
2:07 of 1st period - Slapshot by Matt Tennyson.
2:07 of 1st period - Stopped by Dan Vladar with a rebound.
2:09 of 1st period - Wrist shot by Brooks Macek.
2:09 of 1st period - Shot Hit the Post.
2:21 of 1st period - Icing by Matt Read.
2:22 of 1st period - Travis Morin wins face-off versus Logan Brown in Seattle Thunderbirds zone.
2:33 of 1st period - Snap shot by Morgan Klimchuk.
2:33 of 1st period - Shot Misses the Net.
2:58 of 1st period - Wrist shot by C.J. Smith.
2:58 of 1st period - Shot Misses the Net.
3:57 of 1st period - Matt Irwin is hit by Hudson Fasching and loses puck.
4:30 of 1st period - C.J. Smith is hit by Stefan Noesen.
5:02 of 1st period - Logan Brown is hit by Ian McCoshen and loses puck.
5:59 of 1st period - Slapshot by Adam Johnson.
5:59 of 1st period - Stopped by John Muse without a rebound.
6:00 of 1st period - Sam Carrick wins face-off versus Travis Morin in Seattle Thunderbirds zone.
6:23 of 1st period - Jacob Larsson is hit by Joel L'Esperance and loses puck.
7:19 of 1st period - Snap shot by C.J. Smith.
7:19 of 1st period - Shot Misses the Net.
8:59 of 1st period - Snap shot by Emil Pettersson.
8:59 of 1st period - Goal by Emil Pettersson - Seattle Thunderbirds : 1 - Chicago Wolves : 0.
9:00 of 1st period - Sam Carrick wins face-off versus Hudson Fasching in neutral zone.
9:09 of 1st period - Slapshot by Sam Carrick.
9:09 of 1st period - Shot Misses the Net.
9:11 of 1st period - Wrist shot by Josh Leivo.
9:11 of 1st period - Stopped by Dan Vladar without a rebound.
9:12 of 1st period - Sam Carrick wins face-off versus Mitchell Stephens in Chicago Wolves zone.
9:37 of 1st period - T.J. Tynan is hit by Philippe Myers and loses puck.
10:03 of 1st period - Snap shot by Peter Cehlarik.
10:03 of 1st period - Stopped by Dan Vladar without a rebound.
10:04 of 1st period - Emil Pettersson wins face-off versus Joel L'Esperance in Chicago Wolves zone.
10:37 of 1st period - Snap shot by Adam Johnson.
10:37 of 1st period - Stopped by John Muse with a rebound.
10:47 of 1st period - Slapshot by Stefan Noesen.
10:47 of 1st period - Shot Blocked by Mitchell Stephens.
10:49 of 1st period - Slapshot by Matt Tennyson.
10:49 of 1st period - Stopped by Dan Vladar with a rebound.
10:51 of 1st period - Slapshot by Brooks Macek.
10:51 of 1st period - Shot Misses the Net.
10:53 of 1st period - Wrist shot by T.J. Tynan.
10:53 of 1st period - Stopped by Dan Vladar with a rebound.
11:24 of 1st period - Wrist shot by Matt Read.
11:24 of 1st period - Shot Misses the Net.
11:26 of 1st period - Snap shot by Peter Cehlarik.
11:26 of 1st period - Shot Misses the Net.
11:28 of 1st period - Slapshot by Yannick Weber.
11:28 of 1st period - Shot Blocked by Adam Johnson.
11:40 of 1st period - Brooks Macek is hit by Saku Maenalanen and loses puck.
12:42 of 1st period - Icing by Stefan Noesen.
12:43 of 1st period - Adam Johnson wins face-off versus Emil Pettersson in Seattle Thunderbirds zone.
13:22 of 1st period - Wrist shot by Adam Helewka.
13:22 of 1st period - Shot Blocked by Yannick Weber.
13:26 of 1st period - Slapshot by Adam Helewka.
13:26 of 1st period - Stopped by John Muse with a rebound.
13:28 of 1st period - Wrist shot by Adam Helewka.
13:28 of 1st period - Shot Misses the Net.
14:31 of 1st period - Adam Helewka is hit by Peter Cehlarik and loses puck.
14:48 of 1st period - Slapshot by Adam Johnson.
14:48 of 1st period - Shot Misses the Net.
14:50 of 1st period - Slapshot by C.J. Smith.
14:50 of 1st period - Stopped by John Muse with a rebound.
14:52 of 1st period - Wrist shot by Adam Johnson.
14:52 of 1st period - Stopped by John Muse without a rebound.
14:53 of 1st period - Logan Brown wins face-off versus C.J. Smith in Seattle Thunderbirds zone.
15:00 of 1st period - Snap shot by Steve Bernier.
15:00 of 1st period - Shot Misses the Net.
15:02 of 1st period - Wrist shot by Steve Bernier.
15:02 of 1st period - Goal by Steve Bernier - Seattle Thunderbirds : 2 - Chicago Wolves : 0.
15:03 of 1st period - Sam Carrick wins face-off versus Hudson Fasching in neutral zone.
15:08 of 1st period - Hudson Fasching is hit by Josh Leivo and loses puck.
15:15 of 1st period - Yannick Weber is hit by Mitchell Stephens and loses puck.
15:51 of 1st period - Off-side.
15:52 of 1st period - Logan Brown wins face-off versus Joel L'Esperance in neutral zone.
16:29 of 1st period - Wrist shot by Josh Leivo.
16:29 of 1st period - Stopped by Dan Vladar with a rebound.
16:35 of 1st period - Wrist shot by Hudson Fasching.
16:35 of 1st period - Shot Misses the Net.
16:41 of 1st period - Snap shot by Brooks Macek.
16:41 of 1st period - Shot Misses the Net.
16:43 of 1st period - Slapshot by Stefan Noesen.
16:43 of 1st period - Stopped by Dan Vladar with a rebound.
16:45 of 1st period - Slapshot by Jacob MacDonald.
16:45 of 1st period - Stopped by Dan Vladar without a rebound.
16:46 of 1st period - Sam Carrick wins face-off versus Wayne Simpson in Chicago Wolves zone.
16:56 of 1st period - Icing by Joey LaLeggia.
16:57 of 1st period - Sam Carrick wins face-off versus Wayne Simpson in Seattle Thunderbirds zone.
16:57 of 1st period - Sam Carrick is hit by Wayne Simpson.
17:05 of 1st period - Wrist shot by Josh Leivo.
17:05 of 1st period - Stopped by Dan Vladar with a rebound.
17:07 of 1st period - Slapshot by Sam Carrick.
17:07 of 1st period - Stopped by Dan Vladar without a rebound.
17:08 of 1st period - Mitchell Stephens wins face-off versus Sam Carrick in Chicago Wolves zone.
17:08 of 1st period - Mitchell Stephens is hit by Sam Carrick.
17:20 of 1st period - Snap shot by Josh Leivo.
17:20 of 1st period - Stopped by Dan Vladar with a rebound.
17:22 of 1st period - Backhand shot by Jacob Larsson.
17:22 of 1st period - Shot Blocked by Mitchell Stephens.
17:24 of 1st period - Slapshot by Jacob MacDonald.
17:24 of 1st period - Shot Blocked by Mitchell Stephens.
17:39 of 1st period - Wrist shot by Adam Johnson.
17:39 of 1st period - Stopped by John Muse with a rebound.
17:41 of 1st period - Wrist shot by Wayne Simpson.
17:41 of 1st period - Shot Blocked by Joey LaLeggia.
17:55 of 1st period - Wrist shot by Logan Brown.
17:55 of 1st period - Deflect By Steve Bernier.
17:55 of 1st period - Shot Misses the Net.
17:55 of 1st period - Puck is out of play.
17:56 of 1st period - Logan Brown wins face-off versus Travis Morin in Chicago Wolves zone.
18:11 of 1st period - Matt Irwin is hit by Morgan Klimchuk and loses puck.
18:21 of 1st period - Minor Penalty to Adam Johnson for Slashing.
18:22 of 1st period - Sam Carrick wins face-off versus Hudson Fasching in Chicago Wolves zone.
18:24 of 1st period - Snap shot by Josh Leivo.
18:24 of 1st period - Shot Misses the Net.
18:26 of 1st period - Slapshot by Jacob MacDonald.
18:26 of 1st period - Shot Misses the Net.
18:34 of 1st period - Snap shot by Josh Leivo.
18:34 of 1st period - Shot Blocked by Adam Helewka.
18:36 of 1st period - Slapshot by Jacob MacDonald.
18:36 of 1st period - Deflect By Josh Leivo.
18:36 of 1st period - Goal by Josh Leivo - Seattle Thunderbirds : 3 - Chicago Wolves : 0.
18:37 of 1st period - Hudson Fasching wins face-off versus Sam Carrick in neutral zone.
18:40 of 1st period - Jacob MacDonald is hit by Adam Helewka and loses puck.
19:09 of 1st period - Wrist shot by Wayne Simpson.
19:09 of 1st period - Deflect By Adam Johnson.
19:09 of 1st period - Stopped by John Muse with a rebound.
19:11 of 1st period - Snap shot by Adam Johnson.
19:11 of 1st period - Shot Blocked by Jacob MacDonald.
19:29 of 1st period - Matt Read is hit by Saku Maenalanen and loses puck.
19:48 of 1st period - Travis Morin is hit by Peter Cehlarik and loses puck.
Goals for this period are 3 for Seattle Thunderbirds vs 0 for Chicago Wolves.
Shots for this period are 16 for Seattle Thunderbirds vs 7 for Chicago Wolves.

2nd period


0:01 of 2nd period - Sam Carrick wins face-off versus Hudson Fasching in neutral zone.
0:32 of 2nd period - Snap shot by Adam Johnson.
0:32 of 2nd period - Shot Blocked by Yannick Weber.
1:00 of 2nd period - Off-side.
1:01 of 2nd period - Emil Pettersson wins face-off versus Mitchell Stephens in neutral zone.
1:31 of 2nd period - Snap shot by T.J. Tynan.
1:31 of 2nd period - Shot Misses the Net.
1:33 of 2nd period - Wrist shot by Brooks Macek.
1:33 of 2nd period - Goal by Brooks Macek - Seattle Thunderbirds : 4 - Chicago Wolves : 0.
1:33 of 2nd period - Unknown Goalie enters game.
1:34 of 2nd period - Mitchell Stephens wins face-off versus Sam Carrick in neutral zone.
1:34 of 2nd period - Mitchell Stephens beats up Matt Irwin.
1:34 of 2nd period - Penalty to Mitchell Stephens for Fighting.
1:34 of 2nd period - Penalty to Matt Irwin for Fighting.
1:34 of 2nd period - Penalty to Mitchell Stephens for instigated a fight.
1:34 of 2nd period - Penalty to Mitchell Stephens for instigated a fight.
1:35 of 2nd period - Sam Carrick wins face-off versus Hudson Fasching in neutral zone.
3:04 of 2nd period - Lawrence Pilut is hit by Jacob MacDonald and loses puck.
3:34 of 2nd period - Penalty to Mitchell Stephens is over, Joel L'Esperance is send on ice.
3:47 of 2nd period - Slapshot by Logan Brown.
3:47 of 2nd period - Stopped by Unknown Goalie with a rebound.
3:49 of 2nd period - Slapshot by Joey LaLeggia.
3:49 of 2nd period - Shot Blocked by Travis Morin.
3:51 of 2nd period - Snap shot by Matt Read.
3:51 of 2nd period - Shot Misses the Net.
5:03 of 2nd period - Peter Cehlarik is hit by Wayne Simpson and loses puck.
8:20 of 2nd period - T.J. Tynan is hit by Wayne Simpson and loses puck.
8:53 of 2nd period - Steve Bernier is hit by C.J. Smith and loses puck.
9:04 of 2nd period - Wrist shot by Wayne Simpson.
9:04 of 2nd period - Stopped by John Muse without a rebound.
9:05 of 2nd period - T.J. Tynan wins face-off versus Travis Morin in Seattle Thunderbirds zone.
9:05 of 2nd period - T.J. Tynan is hit by Travis Morin.
9:18 of 2nd period - Minor Penalty to Jacob Larsson for Roughing.
9:19 of 2nd period - Steve Bernier wins face-off versus Mikhail Vorobyev in Seattle Thunderbirds zone.
9:35 of 2nd period - Slapshot by Adam Helewka.
9:35 of 2nd period - Goal by Adam Helewka - Seattle Thunderbirds : 4 - Chicago Wolves : 1.
9:36 of 2nd period - Sam Carrick wins face-off versus Mikhail Vorobyev in neutral zone.
10:06 of 2nd period - T.J. Tynan is hit by C.J. Smith and loses puck.
10:23 of 2nd period - Snap shot by Joel L'Esperance.
10:23 of 2nd period - Stopped by John Muse with a rebound.
11:00 of 2nd period - Snap shot by Wayne Simpson.
11:00 of 2nd period - Deflect By Adam Johnson.
11:00 of 2nd period - Stopped by John Muse with a rebound.
12:08 of 2nd period - Wrist shot by Morgan Klimchuk.
12:08 of 2nd period - Stopped by John Muse with a rebound.
12:10 of 2nd period - Wrist shot by Morgan Klimchuk.
12:10 of 2nd period - Shot Blocked by Jacob MacDonald.
12:36 of 2nd period - Josh Leivo is hit by Philippe Myers and loses puck.
12:56 of 2nd period - Wrist shot by C.J. Smith.
12:56 of 2nd period - Stopped by John Muse with a rebound.
12:58 of 2nd period - Wrist shot by Morgan Klimchuk.
12:58 of 2nd period - Deflect By Stefan Noesen.
12:58 of 2nd period - Shot Misses the Net.
12:58 of 2nd period - Puck is out of play.
12:59 of 2nd period - T.J. Tynan wins face-off versus Travis Morin in Seattle Thunderbirds zone.
12:59 of 2nd period - T.J. Tynan is hit by Aaron Ness.
13:05 of 2nd period - Doyle Somerby is hit by Brooks Macek and loses puck.
13:16 of 2nd period - Snap shot by Logan Brown.
13:16 of 2nd period - Stopped by Unknown Goalie with a rebound.
13:18 of 2nd period - Wrist shot by Joey LaLeggia.
13:18 of 2nd period - Shot Blocked by Travis Morin.
13:20 of 2nd period - Snap shot by Joey LaLeggia.
13:20 of 2nd period - Stopped by Unknown Goalie with a rebound.
13:22 of 2nd period - Snap shot by Steve Bernier.
13:22 of 2nd period - Shot Misses the Net.
13:24 of 2nd period - Wrist shot by Logan Brown.
13:24 of 2nd period - Goal by Logan Brown - Seattle Thunderbirds : 5 - Chicago Wolves : 1.
13:25 of 2nd period - Sam Carrick wins face-off versus Mikhail Vorobyev in neutral zone.
14:14 of 2nd period - Slapshot by Philippe Myers.
14:14 of 2nd period - Stopped by John Muse with a rebound.
14:34 of 2nd period - Wrist shot by Josh Leivo.
14:34 of 2nd period - Shot Blocked by Ian McCoshen.
14:36 of 2nd period - Slapshot by Matt Irwin.
14:36 of 2nd period - Goal by Matt Irwin - Seattle Thunderbirds : 6 - Chicago Wolves : 1.
14:37 of 2nd period - Sam Carrick wins face-off versus Adam Helewka in neutral zone.
14:40 of 2nd period - Wrist shot by Steve Bernier.
14:40 of 2nd period - Stopped by Unknown Goalie with a rebound.
14:42 of 2nd period - Slapshot by Jacob Larsson.
14:42 of 2nd period - Shot Blocked by Adam Helewka.
14:44 of 2nd period - Slapshot by Jacob Larsson.
14:44 of 2nd period - Stopped by Unknown Goalie with a rebound.
15:34 of 2nd period - Slapshot by Steve Bernier.
15:34 of 2nd period - Goal by Steve Bernier - Seattle Thunderbirds : 7 - Chicago Wolves : 1.
15:35 of 2nd period - T.J. Tynan wins face-off versus Mikhail Vorobyev in neutral zone.
16:06 of 2nd period - Wrist shot by Brooks Macek.
16:06 of 2nd period - Shot Misses the Net.
16:08 of 2nd period - Slapshot by Yannick Weber.
16:08 of 2nd period - Shot Blocked by Adam Johnson.
16:10 of 2nd period - Snap shot by Steve Bernier.
16:10 of 2nd period - Shot Misses the Net.
16:22 of 2nd period - Snap shot by Josh Leivo.
16:22 of 2nd period - Stopped by Unknown Goalie with a rebound.
16:24 of 2nd period - Snap shot by Josh Leivo.
16:24 of 2nd period - Goal by Josh Leivo - Seattle Thunderbirds : 8 - Chicago Wolves : 1.
16:24 of 2nd period - Dan Vladar enters game.
16:25 of 2nd period - Sam Carrick wins face-off versus Mikhail Vorobyev in neutral zone.
16:27 of 2nd period - Off-side.
16:28 of 2nd period - Mikhail Vorobyev wins face-off versus Sam Carrick in neutral zone.
16:34 of 2nd period - 10 Minutes Misconduct Penalty to Mitchell Stephens is over.
16:37 of 2nd period - Jacob MacDonald is hit by Adam Helewka and loses puck.
16:44 of 2nd period - Slapshot by Jacob Larsson.
16:44 of 2nd period - Stopped by Dan Vladar with a rebound.
17:57 of 2nd period - Slapshot by Wayne Simpson.
17:57 of 2nd period - Shot Misses the Net.
17:59 of 2nd period - Snap shot by Adam Johnson.
17:59 of 2nd period - Shot Misses the Net.
18:01 of 2nd period - Slapshot by Doyle Somerby.
18:01 of 2nd period - Shot Misses the Net.
18:03 of 2nd period - Slapshot by Aaron Ness.
18:03 of 2nd period - Stopped by John Muse without a rebound.
18:04 of 2nd period - T.J. Tynan wins face-off versus C.J. Smith in Seattle Thunderbirds zone.
18:29 of 2nd period - Joey LaLeggia is hit by Hudson Fasching and loses puck.
19:07 of 2nd period - Minor Penalty to Doyle Somerby for Tripping.
19:08 of 2nd period - Hudson Fasching wins face-off versus Steve Bernier in Chicago Wolves zone.
19:37 of 2nd period - Adam Helewka is hit by Jacob MacDonald and loses puck.
19:52 of 2nd period - Steve Bernier is hit by Mitchell Stephens and loses puck.
Goals for this period are 5 for Seattle Thunderbirds vs 1 for Chicago Wolves.
Shots for this period are 12 for Seattle Thunderbirds vs 8 for Chicago Wolves.

3rd period


0:01 of 3rd period - Hudson Fasching wins face-off versus Sam Carrick in neutral zone.
0:35 of 3rd period - Wrist shot by Hudson Fasching.
0:35 of 3rd period - Stopped by John Muse without a rebound.
0:36 of 3rd period - Sam Carrick wins face-off versus Hudson Fasching in Seattle Thunderbirds zone.
0:41 of 3rd period - Adam Helewka is hit by Josh Leivo and loses puck.
1:07 of 3rd period - Penalty to Doyle Somerby is over, Doyle Somerby is back on ice.
1:08 of 3rd period - C.J. Smith is hit by Stefan Noesen and loses puck.
3:15 of 3rd period - Minor Penalty to Jacob Larsson for Tripping.
3:16 of 3rd period - Mitchell Stephens wins face-off versus Steve Bernier in Seattle Thunderbirds zone.
3:43 of 3rd period - Icing by Lawrence Pilut.
3:44 of 3rd period - Steve Bernier wins face-off versus C.J. Smith in Chicago Wolves zone.
3:57 of 3rd period - Wrist shot by Mitchell Stephens.
3:57 of 3rd period - Shot Misses the Net.
3:59 of 3rd period - Snap shot by Adam Helewka.
3:59 of 3rd period - Goal by Adam Helewka - Seattle Thunderbirds : 8 - Chicago Wolves : 2.
4:00 of 3rd period - T.J. Tynan wins face-off versus Adam Helewka in neutral zone.
4:05 of 3rd period - Wrist shot by T.J. Tynan.
4:05 of 3rd period - Shot Misses the Net.
5:51 of 3rd period - Slapshot by Calle Rosen.
5:51 of 3rd period - Deflect By Morgan Klimchuk.
5:51 of 3rd period - Shot Misses the Net.
5:51 of 3rd period - Puck is out of play.
5:52 of 3rd period - Travis Morin wins face-off versus Emil Pettersson in Seattle Thunderbirds zone.
6:01 of 3rd period - Snap shot by Morgan Klimchuk.
6:01 of 3rd period - Shot Misses the Net.
6:11 of 3rd period - Snap shot by Adam Johnson.
6:11 of 3rd period - Stopped by John Muse with a rebound.
6:13 of 3rd period - Wrist shot by Aaron Ness.
6:13 of 3rd period - Shot Misses the Net.
6:19 of 3rd period - Wayne Simpson is hit by Jacob Larsson and loses puck.
6:30 of 3rd period - Snap shot by Josh Leivo.
6:30 of 3rd period - Deflect By Peter Cehlarik.
6:30 of 3rd period - Shot Misses the Net.
6:30 of 3rd period - Puck is out of play.
6:31 of 3rd period - Joel L'Esperance wins face-off versus Logan Brown in Chicago Wolves zone.
6:44 of 3rd period - Snap shot by Saku Maenalanen.
6:44 of 3rd period - Shot Blocked by Yannick Weber.
7:06 of 3rd period - Slapshot by T.J. Tynan.
7:06 of 3rd period - Deflect By Brooks Macek.
7:06 of 3rd period - Shot Misses the Net.
7:06 of 3rd period - Puck is out of play.
7:07 of 3rd period - Mitchell Stephens wins face-off versus Logan Brown in Chicago Wolves zone.
7:07 of 3rd period - Mitchell Stephens is hit by Logan Brown.
7:17 of 3rd period - Snap shot by Mitchell Stephens.
7:17 of 3rd period - Shot Misses the Net.
8:10 of 3rd period - Sam Carrick is hit by Travis Morin and loses puck.
8:15 of 3rd period - Adam Helewka is hit by Sam Carrick and loses puck.
8:38 of 3rd period - Snap shot by Joel L'Esperance.
8:38 of 3rd period - Shot Hit the Post.
10:12 of 3rd period - Steve Bernier is hit by Adam Johnson and loses puck.
11:12 of 3rd period - Wrist shot by Mikhail Vorobyev.
11:12 of 3rd period - Stopped by John Muse without a rebound.
11:13 of 3rd period - Emil Pettersson wins face-off versus Travis Morin in Seattle Thunderbirds zone.
11:13 of 3rd period - Emil Pettersson is hit by Morgan Klimchuk.
11:37 of 3rd period - Wayne Simpson is hit by Steve Bernier and loses puck.
11:55 of 3rd period - Slapshot by Adam Helewka.
11:55 of 3rd period - Stopped by John Muse with a rebound.
11:57 of 3rd period - Slapshot by Ian McCoshen.
11:57 of 3rd period - Stopped by John Muse without a rebound.
11:58 of 3rd period - Mitchell Stephens wins face-off versus T.J. Tynan in Seattle Thunderbirds zone.
12:01 of 3rd period - Slapshot by Mitchell Stephens.
12:01 of 3rd period - Stopped by John Muse without a rebound.
12:02 of 3rd period - Mitchell Stephens wins face-off versus T.J. Tynan in Seattle Thunderbirds zone.
12:09 of 3rd period - Snap shot by Hudson Fasching.
12:09 of 3rd period - Stopped by John Muse without a rebound.
12:10 of 3rd period - Sam Carrick wins face-off versus Mitchell Stephens in Seattle Thunderbirds zone.
12:22 of 3rd period - Snap shot by Hudson Fasching.
12:22 of 3rd period - Stopped by John Muse with a rebound.
12:24 of 3rd period - Snap shot by Ian McCoshen.
12:24 of 3rd period - Shot Blocked by Jacob MacDonald.
12:26 of 3rd period - Slapshot by Ian McCoshen.
12:26 of 3rd period - Shot Blocked by Jacob MacDonald.
12:28 of 3rd period - Slapshot by Adam Helewka.
12:28 of 3rd period - Stopped by John Muse with a rebound.
12:30 of 3rd period - Slapshot by Ian McCoshen.
12:30 of 3rd period - Stopped by John Muse without a rebound.
12:31 of 3rd period - T.J. Tynan wins face-off versus C.J. Smith in Seattle Thunderbirds zone.
13:17 of 3rd period - Yannick Weber is hit by Joel L'Esperance and loses puck.
13:29 of 3rd period - Joey LaLeggia is hit by Ian McCoshen and loses puck.
13:36 of 3rd period - Yannick Weber is hit by Travis Morin and loses puck.
14:11 of 3rd period - Wrist shot by Saku Maenalanen.
14:11 of 3rd period - Stopped by John Muse without a rebound.
14:12 of 3rd period - Joel L'Esperance wins face-off versus T.J. Tynan in Seattle Thunderbirds zone.
14:34 of 3rd period - Snap shot by Adam Helewka.
14:34 of 3rd period - Stopped by John Muse without a rebound.
14:35 of 3rd period - Travis Morin wins face-off versus Sam Carrick in Seattle Thunderbirds zone.
14:37 of 3rd period - Calle Rosen and Matt Irwin fight to a draw.
14:37 of 3rd period - Penalty to Calle Rosen for Fighting.
14:37 of 3rd period - Penalty to Matt Irwin for Fighting.
14:37 of 3rd period - Penalty to Matt Irwin for instigated a fight.
14:37 of 3rd period - Penalty to Matt Irwin for instigated a fight.
14:38 of 3rd period - Steve Bernier wins face-off versus Mitchell Stephens in Seattle Thunderbirds zone.
15:13 of 3rd period - Snap shot by C.J. Smith.
15:13 of 3rd period - Shot Blocked by Jacob Larsson.
15:47 of 3rd period - Yannick Weber is hit by Mitchell Stephens and loses puck.
16:07 of 3rd period - Adam Johnson is hit by Sam Carrick and loses puck.
16:37 of 3rd period - Penalty to Matt Irwin is over, Josh Leivo is send on ice.
17:34 of 3rd period - Slapshot by Peter Cehlarik.
17:34 of 3rd period - Shot Misses the Net.
17:56 of 3rd period - Josh Leivo is hit by Lawrence Pilut and loses puck.
18:40 of 3rd period - Josh Leivo is hit by Mitchell Stephens and loses puck.
Goals for this period are 0 for Seattle Thunderbirds vs 1 for Chicago Wolves.
Shots for this period are 0 for Seattle Thunderbirds vs 13 for Chicago Wolves.